 Dungeon Crawl Stone Soup version 0.21.1-1-g345015f (webtiles) character file.

115 Iko the Stinger (level 4, -17/36 HPs)
             Began as a Deep Dwarf Venom Mage on June 9, 2018.
             Was an Initiate of Yredelemnul.
             Demolished by an ogre
             ... wielding a +0 giant club
              (20 damage)
             ... on level 5 of the Dungeon on June 10, 2018.
             The game lasted 00:09:06 (761 turns).

Iko the Stinger (Deep Dwarf Venom Mage)              Turns: 761, Time: 00:09:07

Health: -17/36     AC:  9    Str: 13    XL:     4   Next: 68%
Magic:  6/6        EV: 10    Int: 15    God:    Yredelemnul [......]
Gold:   30         SH:  0    Dex: 13    Spells: 6/7 levels left

rFire    . . .     SeeInvis .   e - +0 quarterstaff
rCold    + . .     Gourm    .   (shield currently unavailable)
rNeg     . . .     Faith    .   a - +2 scale mail
rPois    .         Spirit   .   (no helmet)
rElec    .         Reflect  .   (no cloak)
rCorr    .         Harm     .   (no gloves)
MR       .....                  g - +0 pair of boots
Stlth    +.........             (no amulet)
HPRegen  0.00/turn              f - ring of protection from cold
MPRegen  0.10/turn              (no ring)

@: non-regenerating, drained
A: damage resistance, heal wounds, sense surroundings 1, no regeneration
a: Heal Wounds, Renounce Religion


You were on level 5 of the Dungeon.
You worshipped Yredelemnul.
Yredelemnul was noncommittal.
You were not hungry.

You visited 1 branch of the dungeon, and saw 5 of its levels.

You collected 30 gold pieces.

Inventory:

Hand Weapons
 e - a +0 quarterstaff (weapon)
Armour
 a - a +2 scale mail (worn)
 g - a +0 pair of boots (worn)
Jewellery
 f - a ring of protection from cold (left hand)
Books
 b - a Young Poisoner's Handbook

   Spells                             Type                      Level
   a - Sting                          Conjuration/Poison           1
   b - Poisonous Vapours              Poison/Air                   2
   c - Mephitic Cloud                 Conjuration/Poison/Air       3
   d - Olgreb's Toxic Radiance        Poison                       4
   e - Venom Bolt                     Conjuration/Poison           5
 d - a book of Changes

   Spells                             Type                      Level
   a - Beastly Appendage              Transmutation                1
   b - Sticks to Snakes               Transmutation                2
   c - Spider Form                    Transmutation/Poison         3
   d - Ice Form                       Ice/Transmutation            4
   e - Blade Hands                    Transmutation                5
Comestibles
 c - 3 rations


   Skills:
 + Level 0.2 Fighting
 + Level 0.7 Staves
 + Level 1.0(0.9) Armour
 + Level 3.1 Dodging
 + Level 3.0 Stealth
 + Level 0.1 Unarmed Combat
 + Level 2.1 Spellcasting
 + Level 1.1 Conjurations
 + Level 3.3 Poison Magic


You had 6 spell levels left.
You knew the following spells:

 Your Spells              Type           Power        Failure   Level  Hunger
a - Sting                 Conj/Pois      #...         41%         1    #......


Dungeon Overview and Level Annotations

Branches:
Dungeon (5/15)
 Temple: D:4-7

Altars:
Yredelemnul

Annotations:
D:5 Grinder, Ijyb, Sigmund


Innate Abilities, Weirdness & Mutations

You are resistant to damage.
You can heal yourself by infusing magical energy.
You passively map a small area around you.
You do not regenerate.


Message History

Grinder hits you.
Sigmund hits you from afar with a scythe.
Grinder hits you.
An adder comes into view.
Ijyb screams, "I dance on your bones!"
Ijyb zaps a wand.
You resist with some effort. Grinder hits you.
You writhe in agony.
Sigmund hits you from afar with a scythe!
Ijyb zaps a wand.
You resist with some effort. Grinder hits you but does no damage.
Sigmund hits you from afar with a scythe!
Grinder hits you!
* * * LOW HITPOINT WARNING * * *
You writhe in agony.
* * * LOW HITPOINT WARNING * * *
You can move again.
You fail to use your ability.
The ogre hits you with a giant club!!
Ouch! That really hurt!
You die...
Your body rises from the dead as a mindless zombie.

, ** * , ..##
##...##### , ,
$........# ,
.........# #
....S....##.#
.....g...@.,,
.........##,,
......O@..#
.......5.....#
,
.........##.##
.......... ,#
* ...........
* ..../.......
,
..###..##....
.. ... ..... ,
, ,


You could see Grinder, Sigmund, an ogre, Ijyb and an adder.

Vanquished Creatures
  An orc priest (D:4)
  A hound (D:4)
  A worker ant (D:4)
  A worm (D:4)
  A dart slug (D:2)
  4 orcs (D:4)
  2 giant cockroaches
  3 goblins
  A hobgoblin (D:2)
  3 jackals (D:4)
  A quokka (D:3)
  2 bats (D:2)
  A frilled lizard (D:4)
  A kobold (D:2)
  2 rats (D:2)
  A spectral orc (D:4)
26 creatures vanquished.

Notes
Turn   | Place    | Note
-------+----------+-------------------------------------------
     0 | D:1      | Iko the Deep Dwarf Venom Mage began the quest for the Orb.
     0 | D:1      | Reached XP level 1. HP: 15/15 MP: 3/3
   141 | D:2      | Reached XP level 2. HP: 4/22 MP: 2/4
   432 | D:4      | Reached skill level 1 in Conjurations
   432 | D:4      | Reached XP level 3. HP: 20/28 MP: 4/6
   503 | D:4      | Reached XP level 4. HP: 35/36 MP: 6/6
   588 | D:4      | Found a basalt altar of Yredelemnul.
   598 | D:4      | Became a worshipper of Yredelemnul the Dark
   723 | D:4      | Reached skill level 1 in Armour
   753 | D:5      | Entered Level 5 of the Dungeon
   753 | D:5      | Noticed Ijyb
   753 | D:5      | Noticed Grinder
   753 | D:5      | Noticed an ogre
   755 | D:5      | Paralysed by Ijyb for 6 turns
   756 | D:5      | Noticed Sigmund
   761 | D:5      | Demolished by an ogre

Skill      XL: |  1  2  3  4 |
---------------+-------------+-----
Spellcasting   | 2 |  2.1
Conjurations   | 1 |  1.1
Poison Magic   | 3 |  3.3
Dodging        | 3 |  3.1
Stealth        | 3 |  3.0
Armour         | 1 |  1.0
Fighting       | |  0.2
Staves         | |  0.7
Unarmed Combat | |  0.1

Action                   |  1- 3 |  4- 6 || total
-------------------------+-------+-------++-------
Melee: Club              |    44 |       ||    44
       Unarmed           |     6 |       ||     6
       Quarterstaff      |    24 |    37 ||    61
 Cast: Sting             |     6 |       ||     6
 Abil: Heal Wounds       |     2 |       ||     2
  Use: Potion            |     2 |       ||     2
       Scroll            |     3 |     2 ||     5
 Stab: Distracted        |     1 |       ||     1
  Eat: Ration            |       |     1 ||     1
Armor: Robe              |     3 |       ||     3
       Scale mail        |    18 |    21 ||    39
       Ring mail         |     2 |       ||     2
Dodge: Dodged            |    36 |    24 ||    60
